[Event "Late-Titled-Tuesday-Blitz-March-05-2024"]
[Site "Chess.com"]
[Date "2024.03.05"]
[Round "1"]
[White "Malev212"]
[Black "kai_nov"]
[Result "1-0"]
[WhiteElo "2644"]
[BlackElo "2355"]
[TimeControl "180+1"]
[EndTime "14:07:19 PST"]
[Termination "Malev212 won on time"]

1. e4 c5 2. Nf3 Nc6 3. d4 cxd4 4. Nxd4 Nf6 5. Nc3 e5 6. Ndb5 d6 7. Bg5 a6 8. Na3 b5 9. Nd5 Be7 10. Bxf6 Bxf6 11. c3 O-O 12. Nc2 Bg5 13. h4 Bh6 14. g3 Ne7 15. Ncb4 a5 16. Nxe7+ Qxe7 17. Nd5 Qb7 18. Bh3 Be6 19. a3 Bxd5 20. Qxd5 Qxd5 21.
exd5 f5 22. Ke2 g6 23. Rhb1 Kf7 24. Bf1 Rfb8 25. Kd1 e4 26. a4 b4 27. Bb5 bxc3 28. bxc3 Bg7 29. Kc2 Bf6 30. Bc6 Rxb1 31. Rxb1 Ra7 32.
Rb8 Kg7 33. Re8 Kf7 34. Rc8 Kg7 35. Bb5 Kf7 36. Rc6 Be5 37. Kd2 Kf6 38. Ke3 Ke7 39. Rc8 Kf7 40. c4 h6 41. g4 fxg4 42.
Kxe4 h5 43. c5 g3 44. fxg3 Bxg3 45. c6 Bxh4 46. c7 1-0

[Event "Late-Titled-Tuesday-Blitz-March-05-2024"]
[Site "Chess.com"]
[Date "2024.03.05"]
[Round "1"]
[White "OPQRC"]
[Black "HansOnTwitch"]
[Result "1-0"]
[WhiteElo "2545"]
[BlackElo "3111"]
[TimeControl "180+1"]
[EndTime "14:07:23 PST"]
[Termination "OPQRC won on time"]

1. e4 c5 2. Nf3 d6 3. d4 cxd4 4. Nxd4 Nf6 5. Nc3 a6 6. Bg5 e6 7. f4 Qb6 8. Qd2 Nc6 9. Bxf6 gxf6 10. Nb3 h5 11. O-O-O Bd7 12. Kb1 O-O-O 13. g3 h4 14.
Bh3 Kb8 15. f5 Ne5 16. Qe2 Rc8 17. Qe1 Bh6 18. gxh4 Be3 19. Rf1 Rh6 20. fxe6 fxe6 21. Qg3 Rg6 22. Qe1 Rh6 23. Qg3 Rg6 24. Qe1 Rh8 25. a4 Bh6 26. a5 Qc7 27. Nd4 Re8 28.
h5 Rg5 29. Rxf6 Rxh5 30. Bxe6 Rxh2 31. Nd5 Qc5 32. b4 Qc8 33. Nb6 Qc7 34. Bxd7 Nxd7 35. Rf7 Rd8 36. c3 Rh3 37. Ne6 Qc6 38. Nxd8 Qb5 39.
Rxd7 1-0

[Event "Late-Titled-Tuesday-Blitz-March-05-2024"]
[Site "Chess.com"]
[Date "2024.03.05"]
[Round "1"]
[White "zverr1"]
[Black "GAO"]
[Result "1-0"]
[WhiteElo "2596"]
[BlackElo "2281"]
[TimeControl "180+1"]
[EndTime "14:07:24 PST"]
[Termination "zverr1 won by resignation"]

1. e4 c5 2. Nf3 Nc6 3. d4 cxd4 4. Nxd4 g6 5. c4 Bg7 6. Be3 Qb6 7. Nb5 Qd8 8. N1c3 a6 9. Nd4 Nf6 10. Be2 d6 11. O-O O-O 12. h3 Be6 13. Nxe6 fxe6 14. Rc1 Rc8 15. Bg4 Nxg4 16. Qxg4 Qd7 17. b3 Ne5 18.
Qe2 Qc7 19. f4 Nc6 20. Qg4 Nd4 21. Kh1 Qd7 22. Rfd1 Nc6 23. e5 b5 24. Ne4 Rf5 25. cxb5 axb5 26. exd6 exd6 27. Nxd6 Rff8 28. Nxc8 Qxc8 29. Rd6 Qa8 30. Qxe6+ Kh8 31. Rdxc6 Qxa2 32. Rc8 Qb2 33. Qf7 Qa3 34. Rxf8+ Qxf8 35. Qxf8+ Bxf8 36. Rc8 Kg8 37. Bc5 Kf7 38. Rxf8+ Ke6 39. Rh8 Kd5 40.
Rxh7 Kxc5 41. Rg7 g5 42. Rg6 gxf4 43. Rf6 Kb4 44. Rxf4+ Kxb3 45. h4 b4 46. Rxb4+ Kxb4 47. h5 Kc5 48. h6 Kd6 49. h7 Ke7 50. h8=Q Kf7 51. Qh6 1-0

[Event "Late-Titled-Tuesday-Blitz-March-05-2024"]
[Site "Chess.com"]
[Date "2024.03.05"]
[Round "1"]
[White "rdarruda"]
[Black "DanielNaroditsky"]
[Result "0-1"]
[WhiteElo "2529"]
[BlackElo "3099"]
[TimeControl "180+1"]
[EndTime "14:07:26 PST"]
[Termination "DanielNaroditsky won on time"]

1. Nf3 Nf6 2. d4 g6 3. Nc3 d5 4. Bg5 Bg7 5. Bxf6 Bxf6 6. e4 dxe4 7. Nxe4 Bg7 8. Bc4 O-O 9. O-O Nc6 10. c3 b6 11. Qe2 e6 12. Rad1 Ne7 13. Ne5 Nd5 14.
Rfe1 Bb7 15. g3 a6 16. a4 Qe7 17. h4 c5 18. Nf3 cxd4 19. Nxd4 Rfd8 20. Ng5 Re8 21.
Ndxe6 Qd7 22. Bxd5 Bxd5 23. Nf4 Rxe2 24. Rxe2 Qxa4 25. Rxd5 h6 26. Ne4 Qc6 27. Red2 Re8 28. Nd6 Re1+ 29. Kh2 Be5 30. Ng2 Re2 31. Rxe2 Qxd5 32.
Ne4 Kg7 33. f3 Qb5 34. Rd2 Qc6 35. Ne3 f5 36. Nf2 Qxf3 37. Rd7+ Kf8 38. Ned1 Bxg3+ 0-1

[Event "Late-Titled-Tuesday-Blitz-March-05-2024"]
[Site "Chess.com"]
[Date "2024.03.05"]
[Round "1"]
[White "Zhigalko_Sergei"]
[Black "Eliwood44"]
[Result "1-0"]
[WhiteElo "2894"]
[BlackElo "2503"]
[TimeControl "180+1"]
[EndTime "14:07:26 PST"]
[Termination "Zhigalko_Sergei won on time"]

1. e4 e5 2. Nf3 Nc6 3. Bc4 Nf6 4. d3 Bc5 5. O-O d6 6. Nbd2 a6 7. c3 h6 8. Bb3 O-O 9. h3 Re8 10. Re1 Ba7 11. Nf1 Be6 12. Be3 d5 13. Bxa7 Rxa7 14.
exd5 Bxd5 15. Bxd5 Nxd5 16. Qb3 Nf4 17. Rad1 b5 18. Ng3 Ra8 19. Re4 Qf6 20. Nh2 Rad8 21. Qc2 Ne7 22. Ng4 Qd6 23. Nxe5 Neg6 24. Nf3 Rxe4 25.
Nxe4 Qd5 26. d4 f5 27. Ned2 Kh8 28. Re1 Rf8 29. a3 c5 30. Qd1 cxd4 31. cxd4 Kh7 32.
Re3 Rd8 33. Qb3 Qb7 34. Qc2 Rxd4 35. Nf1 1-0

[Event "Late-Titled-Tuesday-Blitz-March-05-2024"]
[Site "Chess.com"]
[Date "2024.03.05"]
[Round "1"]
[White "jup1978"]
[Black "jstopa4"]
[Result "1/2-1/2"]
[WhiteElo "2431"]
[BlackElo "2711"]
[TimeControl "180+1"]
[EndTime "14:07:26 PST"]
[Termination "Game drawn - insufficient material"]

1. d4 Nf6 2. Nf3 e6 3. c4 b6 4. g3 Ba6 5. Nbd2 Bb4 6. Qc2 O-O 7. Bg2 Bb7 8. O-O a5 9. a3 Be7 10. Nb1 d6 11. Nc3 Nbd7 12. Re1 Rb8 13. e4 e5 14. d5 Ra8 15. h3 Nc5 16. Be3 Nfd7 17. b4 axb4 18.
axb4 Na6 19. Qb2 f5 20. exf5 Rxf5 21. Nd2 Bg5 22. g4 Rf8 23. Nde4 Bxe3 24. Rxe3 Qh4 25. Rf1 Nab8 26. Nb5 Qd8 27. Qe2 h6 28. Rf3 Rxf3 29. Qxf3 Nf8 30. Ng3 Ra2 31. Nf5 Bc8 32. Qb3 Ra8 33. c5 Bxf5 34. gxf5 bxc5 35. bxc5 Na6 36.
cxd6 cxd6 37. Ra1 Nc5 38. Rxa8 Qxa8 39. Qg3 Qa6 40. Nc7 Qd3 41. Ne6 Qxg3 42. fxg3 Nfd7 43. g4 Kf7 44. Kf2 g6 45. fxg6+ Kxg6 46. Nc7 Nb6 47. Nb5 Nc8 48. Ke3 h5 49. gxh5+ Kxh5 50. Bf3+ Kh4 51. Bg4 Ne7 52. Nxd6 Nxd5+ 53. Ke2 Nf4+ 54. Kf3 Ng6 55. Nf5+ Kg5 56. Ng3 Nh4+ 57. Ke3 Ng6 58. Ne4+ Nxe4 59. Kxe4 Nf4 60. Kxe5 Nxh3 1/2-1/2

[Event "Late-Titled-Tuesday-Blitz-March-05-2024"]
[Site "Chess.com"]
[Date "2024.03.05"]
[Round "1"]
[White "Hamisandwich"]
[Black "Jahonas"]
[Result "1-0"]
[WhiteElo "2661"]
[BlackElo "2386"]
[TimeControl "180+1"]
[EndTime "14:07:27 PST"]
[Termination "Hamisandwich won by checkmate"]

1. d4 Nf6 2. Bf4 d5 3. e3 e6 4. Nd2 c5 5. c3 Nc6 6. Ngf3 Bd6 7. Bg3 O-O 8. Bb5 a6 9. Bd3 Re8 10. Ne5 Ne7 11. f4 b5 12. O-O c4 13. Bc2 Nf5 14. Bf2 Bb7 15. g4 Ne7 16. Qf3 Qc7 17. a3 a5 18. Bh4 Ng6 19. Bxf6 gxf6 20. Nxg6 hxg6 21. h4 f5 22. h5 Kg7 23. Kf2 Rh8 24. Rh1 Rh6 25. hxg6 Rxg6 26. gxf5 exf5 27. Bxf5 Rg8 28.
Bxg6 fxg6 29. Rag1 Qf7 30. Qh3 Kf8 31. Nf3 Ke7 32.
Qh4+ Qf6 33. Qxf6+ Kxf6 34. Rh7 Bc8 35. Ne5 Bxe5 36. dxe5+ Ke6 37. Rh6 Kf7 38. Rh7+ Ke6 39. Rc7 Bd7 40. Ra7 a4 41. Ra6+ Ke7 42. Raxg6 Rb8 43.
Rg7+ Ke6 44. R1g6+ Kf5 45. Kf3 Rh8 46. Rf6# 1-0

[Event "Late-Titled-Tuesday-Blitz-March-05-2024"]
[Site "Chess.com"]
[Date "2024.03.05"]
[Round "1"]
[White "Arystanner"]
[Black "kagg1125"]
[Result "0-1"]
[WhiteElo "2873"]
[BlackElo "2518"]
[TimeControl "180+1"]
[EndTime "14:07:28 PST"]
[Termination "kagg1125 won by checkmate"]

1. e4 e5 2. Nf3 Nc6 3. Bb5 a6 4. Ba4 Nf6 5. Nc3 d6 6. Bxc6+ bxc6 7. d4 Nd7 8. O-O Be7 9. dxe5 dxe5 10. Be3 O-O 11.
Qe2 a5 12. Rfd1 Qe8 13. Qc4 Nb6 14. Bxb6 Ba6 15. Qb3 Rb8 16. Nxe5 Rxb6 17. Qa4 Rxb2 18. Nxc6 Bc5 19. Nxa5 Qe5 20. Nb3 Qxc3 21. Qxa6 Rxc2 22.
Nxc5 Qxc5 23. Qf1 g6 24. Rdc1 Ra8 25. Rxc2 Qxc2 26. a3 Qxe4 27. Qc1 Qd4 28. h3 c5 29.
Ra2 c4 30. Rd2 Qc5 31. Qb2 c3 32. Qb7 cxd2 33. Qxa8+ Kg7 34. Qd8 Qc1+ 35. Kh2 d1=Q 36. Qb6 Qh1+ 37. Kg3 Qc3+ 38. f3 Qhe1+ 39. Kg4 h5+ 40.
Kf4 Qee5# 0-1

[Event "Late-Titled-Tuesday-Blitz-March-05-2024"]
[Site "Chess.com"]
[Date "2024.03.05"]
[Round "1"]
[White "Nick12772"]
[Black "chess94cu"]
[Result "0-1"]
[WhiteElo "2385"]
[BlackElo "2655"]
[TimeControl "180+1"]
[EndTime "14:07:30 PST"]
[Termination "chess94cu won on time"]

1. Nf3 Nf6 2. g3 b6 3. Bg2 Bb7 4. O-O e6 5. c4 c5 6. Nc3 Be7 7.
b3 O-O 8. Bb2 d5 9. cxd5 Nxd5 10. Nxd5 Bxd5 11. d3 Nd7 12. Qc2 Bf6 13. Rac1 Rc8 14.
Qb1 Qe7 15. Qa1 Bxb2 16. Qxb2 Rfd8 17. Rfd1 h6 18. h3 e5 19. Kh2 Re8 20. Re1 Nf6 21. Rcd1 Rcd8 22. Kg1 Bb7 23. Kh2 h5 24. h4 Ng4+ 25.
Kg1 e4 26. dxe4 Bxe4 27. Qc3 a5 28. Nh2 Bxg2 29. Kxg2 Rxd1 30. Rxd1 Qxe2 31. Rd2 Qe6 32. Nxg4 hxg4 33. Kh2 Qf5 34. Qc2 Qf3 35. Qd1 Qxd1 36. Rxd1 Re2 37. Kg2 Rxa2 38. Rd6 b5 39. Rc6 Rc2 40.
Ra6 Rc3 41. Rxa5 Rxb3 42. Ra8+ Kh7 43. Rc8 c4 44. Rc5 f6 45. h5 Kg8 46. Rc6 c3 47. h6 b4 48. hxg7 Kxg7 49. Rc7+ Kg6 50. Rc4 f5 51. Rc6+ Kf7 0-1

[Event "Late-Titled-Tuesday-Blitz-March-05-2024"]
[Site "Chess.com"]
[Date "2024.03.05"]
[Round "1"]
[White "giovannibrandao7"]
[Black "ValeriyGrinev"]
[Result "1-0"]
[WhiteElo "2229"]
[BlackElo "2560"]
[TimeControl "180+1"]
[EndTime "14:07:30 PST"]
[Termination "giovannibrandao7 won by resignation"]

1. e4 c5 2. Nf3 e6 3. d4 cxd4 4. Nxd4 a6 5. Bd3 Bc5 6. Nb3 Ba7 7. O-O d6 8. Bf4 Nf6 9. N1d2 O-O 10. a4 Nc6 11. h3 h6 12. Nc4 e5 13. Be3 Be6 14.
Bxa7 Rxa7 15. a5 Nxe4 16. Nxe5 dxe5 17. Bxe4 Bxb3 18. cxb3 Nd4 19. Bd3 b5 20. axb6 Qxb6 21. Bc4 a5 22. Qd3 Rb8 23. Rfe1 Qc5 24. Qe3 Re8 25. Kh1 Qc7 26. Rac1 Kf8 27. f4 f6 28. Bb5 Nxb5 29. Rxc7 Rxc7 30. Qb6 e4 31. Qxb5 Rce7 32. Re3 Ra8 33. Qc5 f5 34. Qxf5+ Ke8 35. Rxe4 Rd8 36.
Rxe7+ Kxe7 37. Qe5+ Kf7 38. Qxa5 Rd6 39. b4 Rf6 40. Qe5 g5 41. fxg5 hxg5 42. b5 g4 43. b6 g3 44. Qxf6+ Kxf6 45. b7 1-0

[Event "Late-Titled-Tuesday-Blitz-March-05-2024"]
[Site "Chess.com"]
[Date "2024.03.05"]
[Round "1"]
[White "Midgardsormur"]
[Black "aceontheturn"]
[Result "0-1"]
[WhiteElo "2458"]
[BlackElo "2787"]
[TimeControl "180+1"]
[EndTime "14:07:31 PST"]
[Termination "aceontheturn won on time"]

1. Nf3 g6 2. e4 Bg7 3. d4 d6 4. c4 Nf6 5. Nc3 O-O 6. Bd3 c5 7. d5 e6 8. h3 Nbd7 9. O-O e5 10. a3 h6 11. b4 Nh7 12. Nh2 f5 13. Qc2 f4 14. Be2 h5 15. Rb1 b6 16. Bd2 Ndf6 17.
bxc5 bxc5 18. Qa4 a6 19. Qc6 Ra7 20. Rb8 Rc7 21. Qa4 g5 22. Rfb1 Qe7 23. Qd1 Qf7 24. Ra8 Bb7 25. Rxf8+ Bxf8 26. Qb3 Qg6 27. Qb6 Rg7 28. Qd8 g4 29. hxg4 hxg4 30. Qb8 f3 31. Bf1 fxg2 32. Be2 Nd7 33. Qxb7 g3 34. Nf3 gxf2+ 35. Kxf2 Qg3+ 36. Kg1 Qh3 37. Qc8 Ng5 0-1

[Event "Late-Titled-Tuesday-Blitz-March-05-2024"]
[Site "Chess.com"]
[Date "2024.03.05"]
[Round "1"]
[White "norwaytoadog"]
[Black "dennisodessa"]
[Result "1-0"]
[WhiteElo "2271"]
[BlackElo "2574"]
[TimeControl "180+1"]
[EndTime "14:07:31 PST"]
[Termination "norwaytoadog won on time"]

1. e4 e6 2. d4 d5 3. Nc3 Bb4 4. e5 c5 5. a3 Ba5 6. b4 cxd4 7.
Nb5 Bc7 8. Nf3 Ne7 9. Nxc7+ Qxc7 10. Bd3 Ng6 11. O-O Nxe5 12. Bf4 Nxf3+ 13. Qxf3 Qe7 14. Qg3 Nc6 15. Qxg7 Qf8 16. Qf6 Rg8 17. Bxh7 Rg4 18. Bh6 Qe7 19. Qh8+ Kd7 20. b5 Na5 21. g3 b6 22. f3 Bb7 23. Qxa8 Bxa8 24. fxg4 f6 25. Bd3 Nc4 26. Rae1 Ne5 27. Bd2 Nxg4 28. Rf4 Ne5 29. Bb4 Qg7 30. Ref1 f5 31. Rh4 Bb7 32. Rff4 Nxd3 33.
cxd3 e5 34. Rxf5 e4 35. Rfh5 Qf6 36. Rh7+ Ke8 37. Rf4 1-0

[Event "Late-Titled-Tuesday-Blitz-March-05-2024"]
[Site "Chess.com"]
[Date "2024.03.05"]
[Round "1"]
[White "JSPrepz"]
[Black "Road2GM3000"]
[Result "1-0"]
[WhiteElo "2840"]
[BlackElo "2490"]
[TimeControl "180+1"]
[EndTime "14:07:33 PST"]
[Termination "JSPrepz won on time"]

1. e4 c5 2. Nf3 d6 3. Nc3 Nf6 4. e5 dxe5 5. Nxe5 e6 6. Bb5+ Bd7 7. Nxd7 Nbxd7 8. d4 a6 9. Be2 cxd4 10. Qxd4 Bc5 11. Qh4 O-O 12. O-O Ne5 13. Qg3 Ng6 14. Rd1 Qb8 15. Qxb8 Raxb8 16. Bg5 Rfd8 17. Rxd8+ Rxd8 18. Ne4 Be7 19. Nxf6+ Bxf6 20. Bxf6 gxf6 21. Rd1 Rxd1+ 22.
Bxd1 Kf8 23. g3 Ke7 24. Kg2 Kd6 25. Kf3 f5 26. Be2 e5 27. Ke3 a5 28. Bc4 f6 29. Bg8 h6 30. Bf7 Ne7 31. Kf3 Nc6 32. Ke3 b5 33. Be8 b4 34. Bxc6 Kxc6 35. g4 fxg4 36.
Ke4 a4 37. Kf5 Kd5 38. Kxf6 Ke4 39. Ke6 h5 40. Kf6 h4 41. Kg5 Kf3 42. c4 1-0

[Event "Late-Titled-Tuesday-Blitz-March-05-2024"]
[Site "Chess.com"]
[Date "2024.03.05"]
[Round "1"]
[White "Quattroporte300"]
[Black "Sokoloco"]
[Result "1-0"]
[WhiteElo "2467"]
[BlackElo "2755"]
[TimeControl "180+1"]
[EndTime "14:07:33 PST"]
[Termination "Quattroporte300 won by resignation"]

1. e4 d6 2. d4 g6 3. Bd3 Bg7 4. Nf3 c5 5. d5 Bg4 6. h3 Bxf3 7. Qxf3 Nd7 8. Qe2 a6 9. c3 b5 10. O-O Ngf6 11. a4 c4 12. Bc2 O-O 13.
Be3 Re8 14. Nd2 e6 15. dxe6 Rxe6 16. Bd4 Nc5 17. axb5 axb5 18. Qf3 Ncd7 19. b3 cxb3 20. Bxb3 Re8 21. Rfd1 Qc7 22. Rxa8 Rxa8 23. e5 Re8 24. exf6 Bh6 25. Ne4 Qc6 26. Ng3 Qc7 27. Qd5 Rf8 28. Re1 Ne5 29. Bxe5 dxe5 30. Qxe5 Qc6 31. Qd4 Bg5 32. Ne4 Re8 33. Qd5 Qxd5 34. Bxd5 Bf4 35. Rb1 h5 36. Rxb5 Re5 37. g3 Kh7 38. gxf4 Rf5 39.
c4 Rxf4 40. Ng5+ Kh6 41. Nxf7+ Kh7 42. Rb6 h4 43. Ng5+ Kh6 44. Ne4 Kh5 45. f7 Kh6 46. Rb8 Kg7 47. f8=Q+ Rxf8 48. Rxf8 Kxf8 49. Kg2 1-0

[Event "Late-Titled-Tuesday-Blitz-March-05-2024"]
[Site "Chess.com"]
[Date "2024.03.05"]
[Round "1"]
[White "Vesapesa"]
[Black "mightysmasher"]
[Result "0-1"]
[WhiteElo "2229"]
[BlackElo "2586"]
[TimeControl "180+1"]
[EndTime "14:07:33 PST"]
[Termination "mightysmasher won by resignation"]

1. e4 e6 2. d4 d5 3. exd5 exd5 4. Bd3 Nf6 5. Nf3 Bd6 6. Qe2+ Qe7 7. Qxe7+ Bxe7 8. Bf4 c6 9. O-O O-O 10. Re1 Bd8 11.
Nbd2 Nbd7 12. Bd6 Re8 13. Nf1 Ne4 14. Bxe4 dxe4 15. Ng3 Re6 16. Nxe4 f5 17. Nc5 Rxd6 18. Re8+ Nf8 19. Rae1 b6 20. Nd3 Bd7 21. R8e2 Bf6 22.
Nde5 Rd8 23. c3 Be6 24. Nd2 Bxe5 25. Rxe5 Kf7 26. Nf3 h6 27. Nh4 Kf6 28. f4 g5 29.
fxg5+ hxg5 30. Nf3 Ng6 31. R5e3 Bd5 32. Nd2 g4 33. b3 f4 34. Re8 Rxe8 35. Rxe8 Kg5 36.
c4 Bf7 37. Ra8 Rxd4 38. Rxa7 Rxd2 39. Rxf7 g3 40. hxg3 fxg3 41. Kf1 Nf4 42. Rg7+ Kf6 0-1

[Event "Late-Titled-Tuesday-Blitz-March-05-2024"]
[Site "Chess.com"]
[Date "2024.03.05"]
[Round "1"]
[White "SHIVACalypso"]
[Black "NovakCabarkapa"]
[Result "0-1"]
[WhiteElo "2482"]
[BlackElo "2816"]
[TimeControl "180+1"]
[EndTime "14:07:35 PST"]
[Termination "NovakCabarkapa won by checkmate"]

1. e4 g6 2. d4 Bg7 3. c4 d6 4. Nc3 e5 5. d5 a5 6. Bd3 Na6 7.
Nge2 Nh6 8. h4 O-O 9. h5 g5 10. Ng3 Nc5 11. Bc2 Bd7 12. Be3 Ng4 13. Bxc5 dxc5 14. Nf5 Nh6 15. g4 Nxf5 16. gxf5 h6 17. Ba4 Bc8 18. Kf1 Ra6 19. Kg2 Rb6 20. Rb1 Kh8 21.
Kg3 g4 22. Qxg4 Bf6 23. Kf3 Rg8 24. Qh3 Bg5 25. b3 Bd2 26. Ne2 Rd6 27. Rbg1 Bg5 28. Rg2 c6 29. Nc3 b6 30. Rhg1 Bb7 31. Ke2 b5 32.
Bxb5 cxb5 33. Nxb5 Rb6 34. a4 Ba6 35. Qc3 f6 36.
Qxa5 Qb8 37. Ra1 Bc8 38. f3 Ra6 39. Qc3 Bd7 40. Rg4 Be8 41. Rgg1 Bxh5 42. Rh1 Be8 43. Rag1 Bxb5 44. axb5 Ra2+ 45. Kf1 Qa7 46. Rxg5 Rxg5 47. Rxh6+ Kg7 48. f4 Ra1+ 49. Kf2 Qa2+ 50. Kf3 Qg2+ 51. Ke3 Rg3# 0-1

[Event "Late-Titled-Tuesday-Blitz-March-05-2024"]
[Site "Chess.com"]
[Date "2024.03.05"]
[Round "1"]
[White "WPWPWP-2015"]
[Black "GMAkobianSTL"]
[Result "0-1"]
[WhiteElo "2488"]
[BlackElo "2817"]
[TimeControl "180+1"]
[EndTime "14:07:36 PST"]
[Termination "GMAkobianSTL won on time"]

1. e4 d6 2. d4 Nf6 3. Nc3 c6 4.
a4 Qc7 5. Nf3 e5 6. h3 Be7 7. Be2 O-O 8. O-O Nbd7 9. Re1 Re8 10. a5 Rb8 11. d5 cxd5 12. exd5 a6 13. Bd3 Nc5 14. Bf1 Bf5 15. Nh4 Bc8 16. Nf3 h6 17. b4 Ncd7 18. Ra3 b5 19. g3 Bb7 20. Be3 Rbc8 21. Bg2 Qb8 22. Nd2 Qa8 23. Nf1 Rc4 24.
Rb3 Rec8 25. Qd3 R8c7 26. Nd2 Qc8 27. Ndb1 e4 28. Qd2 Ne5 29. Bb6 Nf3+ 30. Bxf3 exf3 31. Kh2 Ng4+ 32. hxg4 Qxg4 33. Qd3 Bc8 34. Kg1 Rb7 35. Re4 Qh3 36. Qf1 Qh5 37. Rxc4 bxc4 38. Qxc4 Bg4 39. Nd2 Bf6 40. Qf1 Re7 41. Rb1 Bxc3 42. Nc4 Re2 43. Ne3 Bh3 44. Qd1 Rxe3 45. Bxe3 Bg2 46. Qxf3 Bxf3 0-1

[Event "Late-Titled-Tuesday-Blitz-March-05-2024"]
[Site "Chess.com"]
[Date "2024.03.05"]
[Round "1"]
[White "Kombinator01"]
[Black "ChessBrainiacOnTwitch"]
[Result "1-0"]
[WhiteElo "2484"]
[BlackElo "2787"]
[TimeControl "180+1"]
[EndTime "14:07:36 PST"]
[Termination "Kombinator01 won by resignation"]

1. d4 Nf6 2. Nf3 e6 3. Bf4 b6 4. c4 Bb7 5. Nc3 Be7 6. g3 O-O 7. Bg2 d5 8. cxd5 exd5 9. O-O Nbd7 10. Rc1 a6 11. Ne5 Bd6 12. Qb3 Bxe5 13. dxe5 Nc5 14. Qd1 Nfe4 15. b4 Ne6 16. Nxe4 dxe4 17. e3 g5 18. Qg4 Kh8 19. Rfd1 Qe7 20. Qf5 gxf4 21. exf4 Rad8 22. Bxe4 Bxe4 23. Qxe4 c5 24. bxc5 bxc5 25. h4 Rxd1+ 26. Rxd1 Rd8 27. Rxd8+ Qxd8 28. f5 Nd4 29. f6 c4 30. Qg4 Ne6 31. Qxc4 a5 32. Qe4 Qb8 33.
Kh2 Qd8 34. Kh3 Qg8 35. f4 h5 36. f5 Nf8 37. Qf4 Qh7 38. Qg5 a4 39. a3 Qg8 40.
Qxh5+ Nh7 41. Qh6 Qf8 42. Qxf8+ Nxf8 43. Kg4 Nd7 44. Kf4 Kg8 45. g4 Nb6 46. e6 Kf8 47.
e7+ Ke8 48. h5 Nd5+ 49. Ke5 Ne3 50. Kf4 Nd5+ 51. Kg5 Nc3 52. h6 Ne4+ 53. Kf4 Nxf6 54. g5 Nh7 55. f6 Kd7 56. Kf5 Ke8 57. g6 1-0

[Event "Late-Titled-Tuesday-Blitz-March-05-2024"]
[Site "Chess.com"]
[Date "2024.03.05"]
[Round "1"]
[White "SharathRk6"]
[Black "IMRosen"]
[Result "0-1"]
[WhiteElo "2389"]
[BlackElo "2670"]
[TimeControl "180+1"]
[EndTime "14:07:37 PST"]
[Termination "IMRosen won by resignation"]

1. e4 c5 2. Nf3 Nc6 3. Bb5 e6 4. O-O Nge7 5. d4 cxd4 6. Nxd4 a6 7. Be2 Nxd4 8. Qxd4 Nc6 9. Qe3 Qc7 10. c4 Be7 11.
Nc3 O-O 12. b3 d6 13. Bb2 b6 14. Rfd1 Bb7 15. Rac1 Ne5 16. Na4 Nd7 17. f4 Rfe8 18. e5 dxe5 19. fxe5 h6 20. Bd4 Bg5 21. Qf2 Bxc1 22.
Nxb6 Bg5 23. Nxa8 Bxa8 24. Bh5 g6 25. Rf1 Rf8 26. Bg4 Nxe5 27. Bxe6 Nf3+ 28. gxf3 fxe6 29.
Qe2 Qc6 30. Qe5 Bf6 31. Qe3 Bxd4 32. Qxd4 Kh7 33. Qa7+ Bb7 34. b4 Rxf3 35. Rd1 Rg3+ 36. Kf2 Qg2+ 37. Ke1 Qg1+ 38. Qxg1 Rxg1+ 39. Kd2 Rxd1+ 40. Kxd1 Kg7 41. b5 axb5 42. cxb5 Kf6 43. a4 Ke7 44. a5 Kd6 45. a6 Kc7 46. axb7 Kxb7 47. Kd2 Kb6 48. Ke3 Kxb5 49. Ke4 Kc6 50. Ke5 Kd7 51.
Kf6 g5 52. Kg6 e5 53. Kxh6 e4 54. Kxg5 e3 55. h4 e2 56. h5 e1=Q 57. h6 Qa1 58.
Kg6 Qh8 0-1

[Event "Late-Titled-Tuesday-Blitz-March-05-2024"]
[Site "Chess.com"]
[Date "2024.03.05"]
[Round "1"]
[White "picturesquecheck"]
[Black "rychessmaster1"]
[Result "0-1"]
[WhiteElo "2409"]
[BlackElo "2703"]
[TimeControl "180+1"]
[EndTime "14:07:38 PST"]
[Termination "rychessmaster1 won by resignation"]

1. e4 c6 2. d4 d5 3. exd5 cxd5 4.
Bd3 Nf6 5. c3 Bg4 6. Ne2 Nc6 7.
f3 Bh5 8. O-O e6 9. Qe1 Bg6 10.
Nf4 Bd6 11. Nxg6 hxg6 12. f4 Qc7 13. Na3 a6 14. b4 Ne7 15. Nc2 Rc8 16. Bd2 Nf5 17. Ne3 Nxe3 18. Qxe3 Ng4 19. Qg3 Nxh2 20. Rfe1 Kf8 21. Kf2 f5 22. Rxe6 Ng4+ 23. Kg1 Be7 24. Qf3 Bh4 25. g3 Bf6 26. Rae1 Rh2 27. R1e2 Rxe2 28.
Qxe2 Kf7 29. Bc2 Qc4 30. Qxc4 dxc4 31. Rb6 Rc7 32. Bd1 Re7 33. Bxg4 fxg4 34. Kf2 Rd7 35. f5 gxf5 36. Bf4 Bd8 37. Rd6 Rxd6 38. Bxd6 b5 39.
Bc5 Ke6 40. Bf8 g6 41. Bc5 Bg5 42. Ke2 Kd5 43. Bf8 Ke4 44. Bg7 Be7 45. a3 Bd6 0-1

[Event "Late-Titled-Tuesday-Blitz-March-05-2024"]
[Site "Chess.com"]
[Date "2024.03.05"]
[Round "1"]
[White "hell3raiser"]
[Black "AldokhinIvan"]
[Result "0-1"]
[WhiteElo "2386"]
[BlackElo "2672"]
[TimeControl "180+1"]
[EndTime "14:07:40 PST"]
[Termination "AldokhinIvan won by resignation"]

1. e4 c5 2. b3 d5 3. exd5 Qxd5 4.
Nc3 Qd6 5. Nf3 Nf6 6. Bb2 Nc6 7.
Bb5 Bg4 8. O-O O-O-O 9. Bxc6 Qxc6 10. Ne5 Qe6 11. Nxg4 Qxg4 12. Qe1 e6 13. h3 Qf5 14.
d3 Bd6 15. Ne4 Bc7 16. b4 Nxe4 17. dxe4 Qf4 18. g3 Qf3 19. bxc5 h5 20. Qc3 Qxe4 21. Rfe1 Qc6 22. h4 g5 23. hxg5 h4 24. Qxh8 Rxh8 25. Bxh8 h3 26. Kf1 Bxg3 27. Ke2 Qe4+ 28. Kd2 Qf4+ 29. Kc3 Bxf2 30. Rf1 Qxg5 31. Rad1 Qxc5+ 32. Kb2 h2 33. Bf6 Bg1 34. Rd8+ Kc7 35. Rfd1 h1=Q 36.
R1d7+ Kc6 37. Rd6+ Qxd6 38. Rc8+ Kb5 39. Bc3 Bc5 40. a4+ Ka6 41. a5 Qhd5 42. Ra8 Ba3+ 0-1

[Event "Late-Titled-Tuesday-Blitz-March-05-2024"]
[Site "Chess.com"]
[Date "2024.03.05"]
[Round "1"]
[White "ErikRonka"]
[Black "BilodeauA"]
[Result "0-1"]
[WhiteElo "2519"]
[BlackElo "2993"]
[TimeControl "180+1"]
[EndTime "14:07:41 PST"]
[Termination "BilodeauA won by resignation"]

1. e4 c5 2. a3 g6 3. b4 Bg7 4.
Nc3 d6 5. Rb1 Nc6 6. g3 Nf6 7.
Bg2 O-O 8. Nge2 e5 9. d3 Be6 10.
bxc5 dxc5 11. Rxb7 Nd4 12. O-O Qc8 13. Rb1 c4 14.
Nxd4 exd4 15. Nd5 Nxd5 16. exd5 Bg4 17. Qd2 Qc5 18. Qb4 Qxb4 19. Rxb4 cxd3 20. cxd3 Be2 21.
Re1 Bxd3 22. Bb2 a5 23. Rb7 Ba6 24. Rbe7 Rab8 25. Bc1 d3 26. Bf1 Rbd8 27. Bg2 Bc4 28. Rd1 Rfe8 29. Rxe8+ Rxe8 30. Bf4 Bb3 31. Rc1 Bc2 32. Bd2 Bb2 33. Re1 Rxe1+ 34. Bxe1 Bc1 35. Bxa5 d2 36. Bxd2 Bxd2 37. Bf3 Bc1 38. Kg2 Bxa3 39.
g4 Bd6 40. h3 Kg7 41. Kg1 Kf6 42. Kg2 Kg5 43. Kg1 Kf4 44. Bg2 Be4 45. Bf1 Bxd5 46. Bd3 Bc5 47. Bc2 Kg5 48. Bd1 Kh4 0-1

[Event "Late-Titled-Tuesday-Blitz-March-05-2024"]
[Site "Chess.com"]
[Date "2024.03.05"]
[Round "1"]
[White "BabageldiAnnaberdiyev"]
[Black "SamCopeland"]
[Result "1-0"]
[WhiteElo "2630"]
[BlackElo "2325"]
[TimeControl "180+1"]
[EndTime "14:07:41 PST"]
[Termination "BabageldiAnnaberdiyev won by checkmate"]

1. e4 Nf6 2. e5 Nd5 3. c4 Nb6 4. d4 d6 5. f4 dxe5 6. fxe5 Nc6 7. Be3 Bf5 8. Nc3 e6 9. Be2 Be7 10. Nf3 O-O 11. O-O f6 12. d5 Nxe5 13. Bxb6 axb6 14. Nd4 Bc5 15. Kh1 Qd7 16. Nxf5 exf5 17. Bd3 g6 18. h3 Rae8 19. a3 Nxd3 20. Qxd3 Re3 21. Qd2 Rfe8 22. b4 Bf8 23. Rfe1 f4 24. Rxe3 fxe3 25. Qd3 f5 26. Rf1 Qe7 27. Ne2 Qe4 28. Qxe4 Rxe4 29. Rf4 Rxf4 30.
Nxf4 Bh6 31. Ne2 f4 32. Kg1 g5 33. Nd4 Bg7 34. Ne6 Bb2 35. a4 Be5 36. Kf1 Kf7 37.
Nxg5+ Kg6 38. Nf3 Bc3 39. b5 Kf5 40. Ke2 h5 41. Kd3 Bf6 42. Ng1 Be7 43. Ne2 Bd6 44. Nd4+ Kg5 45. Ke4 Kh4 46. Kf3 Kg5 47. c5 bxc5 48.
Ne6+ Kf6 49. a5 c4 50. a6 c3 51. axb7 c2 52. b8=Q c1=Q 53. Qd8+ Ke5 54. Qg5# 1-0